 Dungeon Crawl Stone Soup version 0.24.0-13-gcf9b319 (webtiles) character file.

Game seed: 2233549199281848666, levelgen mode: deterministic

2993 Firecrotchwizard the Fighter (level 9, -12/150 HPs)
             Began as an Ogre Berserker on Jan 28, 2020.
             Was an Elder of Trog.
             Mangled by a large slime creature (25 damage)
             ... on level 8 of the Dungeon.
             The game lasted 00:16:41 (9492 turns).

Firecrotchwizard the Fighter (Ogre Berserker)       Turns: 9492, Time: 00:16:42

Health: -12/150    AC:  7    Str: 31    XL:     9   Next: 83%
Magic:  9/9        EV: 12    Int:  8    God:    Trog [****..]
Gold:   337        SH:  0    Dex:  8    Spells: 8/8 levels left

rFire    + . .     SeeInvis .   q - +0 flail
rCold    . . .     Gourm    .   (no shield)
rNeg     . . .     Faith    .   b - +2 animal skin
rPois    +         Spirit   .   (helmet restricted)
rElec    .         Reflect  .   x - +1 cloak {+Inv}
rCorr    .         Harm     .   (gloves unavailable)
MR       .....                  (boots unavailable)
Stlth    ..........             m - amulet of the acrobat
HPRegen  0.35/turn              u - ring of poison resistance {rPois, !d}
MPRegen  0.11/turn              y - ring of protection from fire {rF+, !d}

@: berserking (expiring), very quick
A: large, unfitting armour, tough skin 1
a: Berserk, Trog's Hand, Brothers in Arms, Renounce Religion, Evoke Invisibility


You were on level 8 of the Dungeon.
You worshipped Trog.
Trog was greatly pleased with you.
You were hungry.

You visited 1 branch of the dungeon, and saw 8 of its levels.

You collected 337 gold pieces.

Inventory:

Hand Weapons
 a - a +0 mace
 n - a +0 morningstar
   (You took it off an orc on level 5 of the Dungeon)
 q - a +0 flail (weapon)
   (You took it off an orc on level 3 of the Dungeon)
Missiles
 e - 155 stones (quivered)
Armour
 b - a +2 animal skin (worn)
 x - a +1 cloak of invisibility (worn)
   (You found it on level 4 of the Dungeon)
Jewellery
 h - a +1 ring of protection
   (You found it on level 1 of the Dungeon)
 i - an uncursed ring of ice {rC+, rF-}
   (You found it on level 1 of the Dungeon)
 m - an amulet of the acrobat (around neck)
   (You found it on level 1 of the Dungeon)
 u - a ring of poison resistance (left hand) {rPois, !d}
   (You found it on level 6 of the Dungeon)
 y - a ring of protection from fire (right hand) {rF+, !d}
   (You found it on level 4 of the Dungeon)
Wands
 v - a wand of digging (6)
   (You found it on level 3 of the Dungeon)
Scrolls
 f - 3 scrolls of identify
 k - 3 scrolls of amnesia
 l - 2 scrolls of fog
 r - 3 scrolls of remove curse
 t - a scroll of fear
Potions
 d - a potion of lignification {unknown}
 g - 8 potions of curing
 j - 2 potions of haste
 o - a potion of ambrosia {unknown}
 s - 2 potions of brilliance
 w - a potion of might {unknown}
 A - a potion of flight {unknown}
Comestibles
 c - 13 rations


   Skills:
 + Level 9.5 Fighting
 * Level 9.1 Maces & Flails
 + Level 6.7 Dodging


You had 8 spell levels left.
You didn't know any spells.
Your spell library was empty.

Dungeon Overview and Level Annotations

Branches:
Dungeon (8/15)             Temple (0/1) D:4
   Lair: D:8-11

Altars:
Qazlal

Shops:
D:5 *

Annotations:
D:4 1 runed translucent door, Khashishi's ghost, novice OgAM
D:6 1 runed translucent door, Crazy Yiuf


Innate Abilities, Weirdness & Mutations

You are too large for most types of armour.
You have tough skin. (AC +1)


Message History

You see here a glowing war axe.
Health restored: 100
Items here: ))) ÷÷÷ a +0 war axe; a +0 club; a +0 mace; an orc skeleton x3
You see here a bullfrog skeleton.
There is a stone staircase leading up here.
You see here 2 potions of degeneration {!q}.
No target in view!
You start waiting.
The orc is too close now for your liking.
Throwing (i - inventory)
e - 155 stones (quivered)
Aim: an orc, wielding a +0 hand axe You throw a stone.
The stone hits the orc.
Throwing (i - inventory)
e - 154 stones (quivered)
Aim: an orc, wielding a +0 hand axe (moderately wounded)
You throw a stone. The stone hits the orc.
Throwing (i - inventory)
e - 153 stones (quivered)
Aim: an orc, wielding a +0 hand axe (heavily wounded)
You throw a stone. The stone hits the orc.
Throwing (i - inventory)
e - 152 stones (quivered)
Aim: an orc, wielding a +0 hand axe (severely wounded)
You throw a stone.
The stone hits the orc but does no damage.
Throwing (i - inventory)
e - 151 stones (quivered)
Aim: an orc, wielding a +0 hand axe (severely wounded)
You throw a stone. The stone hits the orc.
You sock the orc!
You kill the orc!
Trog accepts your kill.
No target in view!
You start waiting.
Some of the chunks of flesh in your inventory have rotted away.
Done waiting.
You start waiting.
Eating one of 11 chunks of flesh {@w0}.
You eat one of the 11 chunks of flesh {@w0}.
All of the chunks of flesh in your inventory have rotted away.
Done waiting.
Things that are here:
a +0 hand axe; an orc corpse You butcher the orc corpse.
p - a chunk of flesh {@w0}
Things that are here:
a +0 hand axe; an orc skeleton
Things that are here:
a +0 hand axe; an orc skeleton
e - 151 stones (gained 1)
e - 152 stones (gained 1)
e - 153 stones (gained 1)
e - 154 stones (gained 1)
e - 155 stones (gained 1)
Found a stone staircase leading down.
No target in view!
The slime creature quivers. x2
The slime creature is too close now for your liking.
All of the chunks of flesh in your inventory have rotted away.
You sock the slime creature! The slime creature hits you.
You take 5 damage, and have 95/100 hp.
You hit the slime creature but do no damage.
The slime creature closely misses you.
Two slime creatures merge to form a large slime creature.
You hit the large slime creature but do no damage.
A red film seems to cover your vision as you go berserk!
You feel yourself moving faster!
You feel mighty!
You are feeling hungry.
You now have 144/150 hp.
You bludgeon the large slime creature!!
The large slime creature hits you but does no damage.
You sock the large slime creature! You sock the large slime creature!
The large slime creature hits you!!
You take 30 damage, and have 114/150 hp.
You sock the large slime creature!
A large slime creature splits.
Two slime creatures merge to form a large slime creature.
You barely miss the large slime creature.
You bludgeon the large slime creature!! The slime creature hits you!
You take 9 damage, and have 105/150 hp.
You sock the large slime creature! The large slime creature hits you!!
The slime creature hits you.
You take 26 damage, and have 79/150 hp.
You barely miss the large slime creature.
You sock the large slime creature! The slime creature barely misses you.
The large slime creature barely misses you.
You barely miss the large slime creature.
You sock the large slime creature! The slime creature hits you!
The large slime creature hits you!!
* * * LOW HITPOINT WARNING * * *
You take 45 damage, and have 35/150 hp.
MASSIVE DAMAGE!!
You hit the large slime creature. The slime creature barely misses you.
The large slime creature hits you!
* * * LOW HITPOINT WARNING * * *
You take 6 damage, and have 29/150 hp.
You sock the large slime creature! You hit the large slime creature.
The large slime creature hits you!
* * * LOW HITPOINT WARNING * * *
The slime creature closely misses you.
You take 16 damage, and have 13/150 hp.
You thump the large slime creature! The slime creature barely misses you.
The large slime creature hits you!!
You die...

... #.##### #..
###.#...# #.>. ..#.#.#.#
#...$####.#.#.#.#
##.....J.#.#.#.#.# ##
##>.....#J#.#...#.# #.
........#.#.#.#.#.#
#.###.##...#.#.#.#.#.#
#.#........#.#@#...#.#
#...#.J....#.#JJ.....#
###..#...(.J.#.........#
........)..J.#.#.....#.#
####.##...o..###.###.#.#
.....#.....#.)÷..# #.#.#
..##.#.#############.#.#
#......# .........#.#
#......# ##########.#


You could see a large slime creature and a slime creature.

Vanquished Creatures
  A hippogriff (D:7)
  Menkaure (D:5)
  A sky beast (D:5)
  A phantom (D:6)
  5 ogres (D:6)
  4 centaurs (D:5)
  4 bullfrogs
  2 scorpions
  6 killer bees (D:7)
  A howler monkey (D:5)
  4 crimson imps
  A bullfrog zombie (D:6)
  A centaur zombie (D:6)
  3 hounds (D:5)
  2 centaur skeletons
  2 orc priests
  7 orc wizards
  2 iguanas
  Natasha (thrice) (D:4)
  4 worker ants
  A worker ant zombie (D:6)
  9 adders
  2 oozes
  An adder zombie (D:6)
  4 worms
  A dart slug (D:2)
  4 leopard geckos
  37 orcs
  4 ball pythons
  5 giant cockroaches
  14 hobgoblins
  4 jackals (D:5)
  A quokka (D:3)
  4 bats
  8 frilled lizards
  8 goblins
  7 kobolds
  3 rats
172 creatures vanquished.

Vanquished Creatures (others)
  2 withered plants (D:4)
2 creatures vanquished.

Grand Total: 174 creatures vanquished

Notes
Turn   | Place    | Note
-------+----------+-------------------------------------------
     0 | D:1      | Firecrotchwizard the Ogre Berserker began the quest for the
                  | Orb.
     0 | D:1      | Reached XP level 1. HP: 24/24 MP: 1/1
   188 | D:1      | Reached XP level 2. HP: 32/32 MP: 2/2
   311 | D:1      | Reached skill level 3 in Maces & Flails
   914 | D:2      | Reached skill level 3 in Dodging
   914 | D:2      | Reached XP level 3. HP: 35/40 MP: 3/3
  1042 | D:2      | Reached ** piety under Trog
  1983 | D:3      | Reached XP level 4. HP: 49/49 MP: 4/4
  2296 | D:3      | HP: 13/73 [orc wizard/+0 dagger of electrocution (18)]
  2595 | D:3      | Noticed a bullfrog
  2602 | D:3      | Killed a bullfrog
  2602 | D:3      | Reached skill level 5 in Fighting
  2602 | D:3      | Reached skill level 4 in Maces & Flails
  2602 | D:3      | Reached XP level 5. HP: 57/57 MP: 5/5
  2669 | D:3      | You fall into a shaft and drop 1 floor!
  2700 | D:4      | Found a staircase to the Ecumenical Temple.
  3134 | D:3      | You fall into a shaft and drop 1 floor!
  3295 | D:3      | Reached XP level 6. HP: 64/66 MP: 6/6
  3835 | D:4      | Found a runed translucent door.
  3835 | D:4      | Noticed Khashishi's ghost (novice OgAM)
  4505 | D:4      | Noticed Natasha
  4515 | D:4      | Killed Natasha
  4515 | D:4      | Reached skill level 5 in Maces & Flails
  4515 | D:4      | Reached skill level 4 in Dodging
  4642 | D:4      | Noticed Natasha
  4645 | D:4      | Killed Natasha
  4645 | D:4      | Reached *** piety under Trog
  4782 | D:4      | Noticed Natasha
  4791 | D:4      | Killed Natasha
  4808 | D:5      | Entered Level 5 of the Dungeon
  4809 | D:5      | Noticed a phantom
  4878 | D:5      | Reached skill level 6 in Fighting
  4878 | D:5      | Reached XP level 7. HP: 75/75 MP: 7/7
  4978 | D:5      | HP: 15/76 [iguana (9)]
  4982 | D:5      | Reached skill level 6 in Maces & Flails
  4987 | D:5      | HP: 8/76 [poisoned by a worker ant]
  5526 | D:5      | Reached skill level 7 in Fighting
  5526 | D:5      | Reached XP level 8. HP: 58/87 MP: 8/8
  5804 | D:5      | Found Pazofeeb's Assorted Antiques.
  5818 | D:5      | Reached skill level 5 in Dodging
  6201 | D:6      | Noticed Menkaure
  6214 | D:5      | HP: 15/87 [Menkaure (16)]
  6216 | D:5      | HP: 7/87 [Menkaure (10)]
  6218 | D:5      | Killed Menkaure
  6218 | D:5      | Reached skill level 7 in Maces & Flails
  6606 | D:6      | Reached skill level 8 in Fighting
  6702 | D:6      | Reached XP level 9. HP: 46/97 MP: 9/9
  6770 | D:6      | Reached skill level 8 in Maces & Flails
  6859 | D:6      | Reached skill level 6 in Dodging
  7271 | D:6      | Found a runed translucent door.
  7272 | D:6      | Noticed Crazy Yiuf
  7415 | D:6      | Reached **** piety under Trog
  7495 | D:6      | Found a stormy altar of Qazlal.
  7603 | D:7      | Reached skill level 9 in Fighting
  7900 | D:7      | HP: 23/98 [killer bee (4)]
  7905 | D:7      | HP: 34/147 [poisoned by a killer bee]
  7911 | D:7      | HP: 26/147 [poisoned by a killer bee]
  7916 | D:7      | HP: 11/98 [killer bee (7)]
  7921 | D:7      | HP: 10/98 [poisoned by a killer bee]
  8594 | D:7      | Reached skill level 9 in Maces & Flails
  9488 | D:8      | HP: 35/150 [large slime creature (31)]
  9491 | D:8      | HP: 13/150 [large slime creature (16)]
  9492 | D:8      | Mangled by a large slime creature

Levels and vault maps discovered:
D:1:      minmay_arrival_shattered_statue, layout_loops_ring,
          minmay_close_crescents
D:2:      layout_basic
D:3:      minmay_chambers_of_threes, layout_loops_cross
D:4:      layout_gridville, minmay_temple_entry_glass, first_ration,
          gammafunk_ghost_grave, uniq_natasha
D:5:      layout_cave_pools, serial_shops, shop, kennysheep_generic_room_14
D:6:      cheibrodos_helix_gallery, layout_cave_pools,
          lemuel_coloured_pillars_altar, uniq_menkaure, uniq_crazy_yiuf_cottage
D:7:      layout_loops_corners, minmay_misc_feat_rows
D:8:      layout_basic

Skill      XL: |  1  2  3  4  5  6  7  8  9 |
---------------+----------------------------+-----
Maces & Flails | 3 4 5 6 7 9 |  9.1
Dodging        | 3 4 5 6 |  6.7
Fighting       | 5 6 7 8 9 |  9.5

Action                   |  1- 3 |  4- 6 |  7- 9 || total
-------------------------+-------+-------+-------++-------
Melee: Mace              |   116 |    12 |       ||   128
       Flail             |       |   173 |   409 ||   582
Throw: Stone             |    84 |    83 |   154 ||   321
Invok: Berserk           |     1 |     3 |     4 ||     8
       Trog's Hand       |       |     2 |     3 ||     5
  Use: Scroll            |     3 |     5 |     7 ||    15
  Eat: Chunk             |     3 |    14 |    13 ||    30
       Ration            |       |       |     2 ||     2
Armor: Animal skin       |    49 |    67 |   136 ||   252
Dodge: Dodged            |    49 |   105 |   243 ||   397

Levels and vault maps discovered:
D:1:      minmay_arrival_shattered_statue, layout_loops_ring,
          minmay_close_crescents
D:2:      layout_basic
D:3:      minmay_chambers_of_threes, layout_loops_cross
D:4:      layout_gridville, minmay_temple_entry_glass, first_ration,
          gammafunk_ghost_grave, uniq_natasha
D:5:      layout_cave_pools, serial_shops, shop, kennysheep_generic_room_14
D:6:      cheibrodos_helix_gallery, layout_cave_pools,
          lemuel_coloured_pillars_altar, uniq_menkaure, uniq_crazy_yiuf_cottage
D:7:      layout_loops_corners, minmay_misc_feat_rows
D:8:      layout_basic

Table legend:
 A = Turns spent in this place as a percentage of turns spent in the entire game.
 B = Non-inter-level travel turns spent in this place as a percentage of non-inter-level travel turns spent in the entire game.
 C = Inter-level travel turns spent in this place as a percentage of turns spent in this place.
 D = Turns resting spent in this place as a percentage of non-inter-level travel turns spent in this place.
 E = Turns spent auto-exploring this place as a percentage of non-inter-level travel turns spent in this place.
 F = Non-inter-level travel turns spent in this place divided by the number of levels of this place that you've seen.
                   A       B       C       D       E      F
               +-------+-------+-------+-------+-------+----------------------
         Total | 100.0 | 100.0 |   3.6 |  34.4 |  48.0 | 1144.4
       Dungeon | 100.0 | 100.0 |   3.6 |  34.4 |  48.0 | 1144.4
               +-------+-------+-------+-------+-------+----------------------

Table legend:
 A = Kills in this place as a percentage of kills in entire the game.
 B = Kills by you in this place as a percentage of kills by you in the entire game.
 C = Kills by friends in this place as a percentage of kills by friends in the entire game.
 D = Other kills in this place as a percentage of other kills in the entire game.
 E = Experience gained in this place as a percentage of experience gained in the entire game.
 F = Experience gained in this place divided by the number of levels of this place that you have seen.
                   A       B       C       D       E      F
               +-------+-------+-------+-------+-------+----------------------
         Total | 100.0 | 100.0 |   N/A |   N/A | 100.0 | 534.5
       Dungeon | 100.0 | 100.0 |   N/A |   N/A | 100.0 | 534.5
               +-------+-------+-------+-------+-------+----------------------
